 Dungeon Crawl Stone Soup version 0.25-a0-785-gb22c70e859 (webtiles) character file.

Game seed: 11415173510973900901, levelgen mode: deterministic

98 tilp the Bolt Thrower (level 5, -3/29 HPs)
             Began as a Kobold Arcane Marksman on Apr 17, 2020.
             Killed by divine providence
             ... invoked by an orc priest
              (14 damage)
             ... on level 3 of the Dungeon.
             The game lasted 00:07:45 (2717 turns).

tilp the Bolt Thrower (Kobold Arcane Marksman)      Turns: 2717, Time: 00:07:46

Health: -3/29      AC:  5    Str:  8 (9)  XL:     5   Next: 1%
Magic:  6/6        EV: 14    Int: 13 (14) God:
Gold:   60         SH:  0    Dex: 14 (15) Spells: 5/6 levels left

rFire    . . .     SeeInvis .   a - +0 hand crossbow
rCold    . . .     Gourm    .   (shield restricted)
rNeg     . . .     Faith    .   j - +0 leather armour
rPois    .         Spirit   .   r - +0 helmet
rElec    .         Reflect  .   (no cloak)
rCorr    .         Harm     .   (no gloves)
MR       .....                  f - +0 pair of boots
Stlth    +.........             (no amulet)
HPRegen  0.09/turn              (no ring)
MPRegen  0.10/turn              (no ring)

@: no status effects
A: small, carnivore
a: no special abilities


You were on level 3 of the Dungeon.
You were completely stuffed.

You visited 1 branch of the dungeon, and saw 3 of its levels.

You collected 60 gold pieces.

Inventory:

Hand Weapons
 a - a +0 hand crossbow (weapon)
 b - a +1 dagger of freezing
Missiles
 d - 24 bolts (quivered)
 h - 63 arrows
Armour
 e - a +0 robe
 f - a +0 pair of boots (worn)
 j - a +0 leather armour (worn)
 r - a +0 helmet (worn)
Scrolls
 g - a scroll of teleportation
 i - a scroll of immolation {unknown}
 k - a scroll of magic mapping
 m - a scroll of identify {unknown}
 n - a scroll of amnesia {unknown}
Potions
 l - a potion of curing
 p - a potion of haste {unknown}
 q - a potion of heal wounds {unknown}
 s - 2 potions of resistance {unknown}
Comestibles
 c - 7 rations
 o - 7 chunks of flesh


   Skills:
 - Level 1.1 Fighting
 + Level 5.7 Crossbows
 - Level 2.4 Dodging
 - Level 1.1 Spellcasting
 - Level 3.0 Hexes


You had 5 spell levels left.
You knew the following spells:

 Your Spells              Type           Power        Failure   Level  Hunger
a - Corona                Hex            #......      12%         1    ##.....

Your spell library contained the following spells:

 Spells                   Type           Power        Failure   Level  Hunger
 Slow                     Hex            #.......     19%         2    ###....
 Inner Flame              Hex/Fire       #.......     54%         3    ####...
 Portal Projectile        Hex/Tloc       #.....       54%         3    ####...
 Cause Fear               Hex            #.........   75%         4    #####..
 Leda's Liquefaction      Hex/Erth       #.........   91%         4    #####..


Dungeon Overview and Level Annotations

Branches:
Dungeon (3/15)

Altars:
Sif Muna
Uskayaw


Innate Abilities, Weirdness & Mutations

You are small and have problems with some larger weapons.
You are carnivorous and can eat meat at any time.


Message History

You kill the orc!
Unknown command.
Firing (i - inventory)
d - 26 bolts (quivered)
Press: ? - help, Shift-Dir - straight line, f/p - orc priest
Aim: an orc priest (almost dead)
You shoot a bolt. The bolt hits the orc!
You kill the orc!
You have reached level 5!
You feel stronger.
The orc priest calls down the wrath of Beogh upon you.
Pain shoots through your body!
* * * LOW HITPOINT WARNING * * *
Firing (i - inventory)
d - 25 bolts (quivered)
Press: ? - help, Shift-Dir - straight line, f/p - orc priest
Aim: an orc priest (almost dead)
You shoot a bolt. The bolt hits the orc priest.
The orc priest is almost dead.
The orc priest mumbles some strange prayers to Beogh against you.
Beogh smites you!
You die...

..# ## #.# #.# #
#...#(. ... #.#.#
....#.# #.# #.#.#
...... #.###.#.#
#..#.# #.##....#
#..#(# #.##.)..#
#..#.####.##@...#
#..#.(((........#
#...รท>..........#
#.([w########.....#
....(.. #((......
###(... #(o.....#
#.... (.........
#.... ...........
.#.w. ...###.....


You could see an orc priest.

Vanquished Creatures
  Robin (D:2)
  An adder (D:3)
  3 dart slugs (D:1)
  3 worms
  2 leopard geckos
  3 orcs (D:3)
  8 bats
  2 giant cockroaches (D:2)
  12 goblins
  9 hobgoblins
  2 frilled lizards (D:1)
  A giant cockroach zombie (D:2)
  5 kobolds
  5 rats
57 creatures vanquished.

Notes
Turn   | Place    | Note
-------+----------+-------------------------------------------
     0 | D:1      | tilp the Kobold Arcane Marksman began the quest for the
                  | Orb.
     0 | D:1      | Reached XP level 1. HP: 12/12 MP: 2/2
   144 | D:1      | Reached skill level 3 in Crossbows
   177 | D:1      | Reached XP level 2. HP: 12/16 MP: 1/3
   544 | D:1      | Reached skill level 4 in Crossbows
   544 | D:1      | Reached XP level 3. HP: 20/20 MP: 4/4
  1276 | D:2      | Noticed Robin
  1296 | D:2      | HP: 1/20 [Robin/goblin (3)]
  1656 | D:2      | Found a faded altar of an unknown god.
  1674 | D:2      | Found a hide-covered altar of Uskayaw.
  1676 | D:2      | Found a shimmering blue altar of Sif Muna.
  1689 | D:2      | Reached XP level 4. HP: 23/25 MP: 5/5
  2099 | D:2      | Reached skill level 5 in Crossbows
  2578 | D:2      | Killed Robin
  2716 | D:3      | Reached XP level 5. HP: 18/29 MP: 6/6
  2717 | D:3      | Killed from afar by an orc priest

Levels and vault maps discovered:
D:1:      dpeg_arrival_rooms_b, layout_loops_corners, minmay_liquid_box
D:2:      layout_rooms, chequers_temple_overflow_statue_of_worship,
          chequers_ecumenical_altar_simple_redux, nrook_uturn,
          minmay_pentomino_t4, uniq_robin
D:3:      layout_basic

Skill      XL: |  1  2  3  4 |
---------------+-------------+-----
Crossbows      | 3 4 5 |  5.7
Fighting       | |  1.1
Dodging        | |  2.4
Spellcasting   | |  1.1
Hexes          | |  3.0

Action                   |  1- 3 |  4- 6 || total
-------------------------+-------+-------++-------
Melee: Dagger            |   101 |    75 ||   176
 Fire: Hand crossbow     |    36 |    36 ||    72
 Cast: Corona            |    11 |     1 ||    12
  Use: Potion            |     2 |       ||     2
       Scroll            |       |     2 ||     2
  Eat: Chunk             |    11 |     4 ||    15
Armor: Robe              |    15 |       ||    15
       Leather armour    |    21 |    14 ||    35
Dodge: Dodged            |   119 |    42 ||   161

Table legend:
 A = Non-vault XP
 B = Vault XP
 C = Vault XP percentage of total XP
 D = Non-vault monster count
 E = Vault monster count
 F = Vault count percentage of total count
                 A         B        C        D         E       F
            +---------+---------+-------+---------+---------+-------
      Total |      99 |      42 |  29.8 |      41 |      16 |  28.1
            +---------+---------+-------+---------+---------+-------
        D:1 |      38 |       0 |   0.0 |      18 |       0 |   0.0
        D:2 |      31 |      42 |  57.5 |      16 |      16 |  50.0
        D:3 |      30 |       0 |   0.0 |       7 |       0 |   0.0
            +---------+---------+-------+---------+---------+-------
